 Dungeon Crawl Stone Soup version 0.31-a0-1447-g87ca8d402b (webtiles) character file.

Game seed: 16547173937952532164

30895 Laraso the Bludgeoner (level 13, -13/140 HPs)
             Began as an Oni Cinder Acolyte on Dec 27, 2023.
             Was a Priest of Ignis.
             Mangled by a cane toad (28 damage)
             ... on level 3 of the Lair of Beasts.
             The game lasted 00:27:07 (21525 turns).

Laraso the Bludgeoner (Oni Cinder Acolyte)         Turns: 21525, Time: 00:27:07

Health: -13/140    AC: 13    Str: 21    XL:     13   Next: 54%
Magic:  26/26      EV:  9    Int: 22    God:    Ignis [***...]
Gold:   942        SH:  0    Dex:  4    Spells: 14/18 levels left

rFire   + + .        a - +8 whip "Snakebite" {venom, curare, rPois}
rCold   + . .        (no shield)
rNeg    . . .        u - +0 steam dragon scales
rPois   +            (helmet restricted)
rElec   .            y - scarf of Hemuc {rC+ rF+, rCorr Int+3}
rCorr   +            (gloves unavailable)
SInv    .            (boots unavailable)
Will    +....        E - amulet of regeneration
Stlth   +            k - ring of poison resistance
HPRegen 1.23/turn    I - ring of magical power
MPRegen 0.20/turn

%: no passive effects
@: lethally poisoned (-13 -> -17), fiery-armoured
A: large, unfitting armour, horns 1, tough skin 1, double potion healing,
drunken brawling
a: Renounce Religion, Fiery Armour, Foxfire Swarm, Rising Flame


You were on level 3 of the Lair of Beasts.
You worshipped Ignis.
Ignis was most pleased with you.
You visited 2 branches of the dungeon, and saw 14 of its levels.
You also visited: Volcano.

You collected 966 gold pieces.
You spent 24 gold pieces at shops.

Inventory:

Hand Weapons
 a - the +8 whip "Snakebite" (weapon) {venom, curare, rPois}
   (You found it on level 1 of the Lair of Beasts)

   rPois:     It protects you from poison
 b - a +2 giant spiked club
 w - a +0 giant club
Armour
 g - an orb of wrath
 u - +0 steam dragon scales (worn)
 y - the scarf of Hemuc (worn) {rC+ rF+, rCorr Int+3}
   (You found it on level 1 of the Lair of Beasts)

   Int+3:     It affects your intelligence (+3).
   rCorr:     It protects you from acid and corrosion.
Magical Staves
 B - a staff of fire
Jewellery
 k - a ring of poison resistance (left hand)
 r - an amulet of magic regeneration
 x - a ring of see invisible
 D - a ring of flight
 E - an amulet of regeneration (around neck)
 I - a ring of magical power (right hand)
 J - a ring of fire
Wands
 q - a wand of digging (4)
 t - a wand of charming (14)
 v - a wand of mindburst (11)
 L - a wand of flame (23)
 M - a wand of polymorph (11)
Scrolls
 c - 2 scrolls of vulnerability
 d - 5 scrolls of poison
 i - 3 scrolls of enchant armour
 n - 2 scrolls of amnesia
 o - a scroll of revelation
 p - 5 scrolls of teleportation
 H - a scroll of fear
 O - a scroll of butterflies
 P - a scroll of brand weapon {unknown}
Potions
 e - 2 potions of ambrosia
 f - a potion of berserk rage
 j - 2 potions of resistance
 l - 2 potions of magic {unknown}
 m - 4 potions of might
 s - a potion of lignification {unknown}
 z - a potion of brilliance {unknown}
 A - a potion of curing {unknown}
 C - 3 potions of attraction
 F - a potion of experience {unknown}
 G - a potion of cancellation {unknown}
 K - 3 potions of haste {unknown}
 N - 2 potions of mutation {unknown}


   Skills:
 - Level 12.0 Fighting
 * Level 20.0 Maces & Flails
 - Level 3.0 Spellcasting
 - Level 4.0 Translocations
 - Level 3.0 Fire Magic


You had 14 spell levels left.
You knew the following spells:

 Your Spells              Type           Power      Damage    Failure   Level
a - Scorch                Fire           32%        2d6       5%          2
b - Blink                 Tloc           40%        N/A       3%          2

Your spell library contained the following spells:

 Spells                   Type           Power      Damage    Failure   Level
 Lesser Beckoning         Tloc           40%        N/A       3%          2
 Gell's Gravitas          Tloc           20%        N/A       7%          3
 Teleport Other           Tloc           20%        N/A       7%          3
 Magic Dart               Conj           12%        1d3       12%         1
 Call Imp                 Summ           6%         N/A       19%         2
 Jinxbite                 Hex            6%         N/A       19%         2
 Mercury Vapours          Alch/Air       6%         N/A       19%         2
 Inner Flame              Hex/Fire       9%         N/A       21%         3
 Mephitic Cloud           Conj/Alch/Air  3%         N/A       36%         3
 Flame Wave               Conj/Fire      9%         2d6       54%         4
 Sticky Flame             Fire/Alch      9%         2d5       54%         4
 Freezing Cloud           Conj/Ice/Air   1%         6-21      98%         5
 Yara's Violent Unravell  Hex/Alch       1%         3d3       98%         5
 Enfeeble                 Hex            1%         N/A       100%        7


Dungeon Overview and Level Annotations

Branches:
Dungeon (11/15)            Temple (0/1) D:6            Lair (3/5) D:11
 Spider (0/4) Lair:3          Orc (0/2) D:10        Volcano (visited)
  Swamp: Lair:2-3    Shoals: Lair:2-3

Altars:
Cheibriados
Dithmenos
Elyvilon
Kikubaaqudgha
Makhleb
Nemelex Xobeh
Vehumet
Wu Jian
Yredelemnul

Shops:
D:4 (   D:9 *

Annotations:
Lair:2 exclusion: oklob plant


Innate Abilities, Weirdness & Mutations

You are too large for most types of armour.
You have a pair of small horns on your head.
You have tough skin. (AC +1)
You gain doubled healing and magic from potions.
Whenever you drink a healing potion, you attack all around you.


Message History

The cane toad stings you but does no damage.
The spriggan druid hits you with a +0 quarterstaff.
The spriggan druid is burned by your cloak of flames.
The spriggan druid is almost dead.
You feel roots moving beneath the ground.
The cane toad stings you. The spriggan druid barely misses you.
The cane toad stings you.
* * * LOW HITPOINT WARNING * * *
You are poisoned.
The cane toad poisons you!
The cane toad is burned by your cloak of flames.
The cane toad is heavily wounded.
The spriggan druid hits you but does no damage.
The spriggan druid is burned by your cloak of flames.
The spriggan druid is almost dead.
Unknown command.
You barely miss the cane toad.
The cane toad is heavily wounded.
You feel very sick.
The cane toad stings you but does no damage.
The cane toad is burned by your cloak of flames.
The cane toad is severely wounded.
Unknown command.
You whack the cane toad!
The cane toad is poisoned.
Your headbutt misses the cane toad.
The cane toad is almost dead.
You feel very sick.
With its final breath, the spriggan druid offers up its power to the beasts of the wild!
The cane toad is healed.
The cane toad seems to grow more fierce.
You kill the spriggan druid!
The forest abruptly stops moving.
The cane toad barely misses you.
Your Maces & Flails skill increases to level 20!
Unknown command.
You feel yourself speed up.
You feel very sick. The cane toad stings you!!
* * * LOW HITPOINT WARNING * * *
The cane toad stings you!!
You die...

##..............♣ . ♣§.
♣...... #..##...........♣ .
.. ♣...###
########........♣♣... ♣.### #
#........♣.♣. ♣.# #
#........♣.. ♣.## #
#........♣.♣ ♣..# # ##
###........♣.♣ ♣.## #
#P###.P.........♣♣♣♣♣♣♣♣♣♣..#
#.
#.............F@†..........##
#.
#...........................#
##
##P#.###....##...####...P####
# ##.##.[.####..# ##...#
####...# ##..# ###..## ##..#
#.[.# #.#..P# ##########..#
#...####...## #.##.##.....#
#....# #P..##
##..........####..## ##...##


You could see a cane toad (strong, very poisoned).

Vanquished Creatures
  2 boulder beetles
  Erica (D:8)
  2 two-headed ogres
  A hell knight (Volcano)
  A salamander mystic (Volcano)
  A skyshark (Lair:2)
  An orb spider (Lair:3)
  2 spriggan druids (Lair:3)
  Pikel (D:5)
  2 lindwurms (Lair:3)
  2 wolf spiders (Lair:2)
  3 salamanders (Volcano)
  An elephant (D:11)
  2 molten gargoyles (Volcano)
  A torpor snail (Lair:1)
  4 cane toads
  5 black mambas
  Maggie (D:6)
  6 komodo dragons
  A rime drake (Lair:2)
  2 trolls (D:11)
  3 polar bears
  2 hornets
  A blink frog (Lair:1)
  2 jumping spiders (Lair:3)
  22 yaks
  A wraith (D:10)
  2 wyverns
  A human (D:6)
  A vampire (D:11)
  A water elemental (D:11)
  Grum (D:9)
  A basilisk (Lair:2)
  2 fire bats (Volcano)
  3 steam dragons (D:9)
  4 vampire mosquitoes (D:11)
  Edmund (D:6)
  An acid dragon (D:11)
  7 water moccasins
  4 orc warriors
  2 ice beasts
  2 sky beasts
  2 black bears (D:5)
  23 wolves
  5 centaurs
  5 phantoms
  A kobold brigand (D:8)
  A lemure (D:4)
  11 bullfrogs
  2 scorpions
  A gnoll sergeant (D:8)
  23 wights
  5 killer bees
  2 howler monkeys
  2 electric eels (D:11)
  7 lava snakes (Volcano)
  An orc priest (D:10)
  2 bombardier beetles (D:5)
  5 hounds
  A jelly (D:7)
  5 iguanas
  10 orc wizards
  5 gnolls
  11 adders
  2 white imps (D:6)
  2 ufetubi (D:5)
  A worm (D:3)
  A dart slug (D:2)
  32 orcs
  8 ball pythons
  5 bats
  9 endoplasms
  8 goblins
  6 hobgoblins
  12 kobolds
  3 quokkas
  A jackal skeleton (D:6)
  5 rats
331 creatures vanquished.

Vanquished Creatures (others)
  A salamander (Volcano)
1 creature vanquished.

Grand Total: 332 creatures vanquished

Notes
Turn   | Place    | Note
-------+----------+-------------------------------------------
     0 | D:1      | Laraso the Oni Cinder Acolyte began the quest for the Orb.
     0 | D:1      | Reached XP level 1. HP: 24/24 MP: 2/2
   113 | D:1      | Reached XP level 2. HP: 31/32 MP: 2/4
   138 | D:1      | Learned a level 2 spell: Scorch
   924 | D:2      | Reached XP level 3. HP: 37/39 MP: 0/6
  1926 | D:3      | Found a burning altar of Makhleb.
  2068 | D:3      | Reached skill level 4 in Maces & Flails
  2151 | D:3      | Reached XP level 4. HP: 47/48 MP: 2/7
  3206 | D:4      | Reached XP level 5. HP: 52/54 MP: 0/9
  3500 | D:4      | Reached skill level 5 in Maces & Flails
  3883 | D:4      | Found Dijue's Antique Weapon Shoppe.
  3928 | D:4      | Found an ancient bone altar of Kikubaaqudgha.
  4205 | D:5      | Entered Level 5 of the Dungeon
  4213 | D:5      | Noticed a phantom
  4218 | D:5      | Reached XP level 6. HP: 62/62 MP: 1/10
  4220 | D:5      | Reached skill level 6 in Maces & Flails
  4300 | D:5      | Noticed an ice beast
  4316 | D:4      | Killed an ice beast
  4317 | D:4      | Reached skill level 7 in Maces & Flails
  4317 | D:4      | Reached XP level 7. HP: 70/70 MP: 2/11
  4596 | D:5      | Noticed Pikel
  4603 | D:5      | Killed Pikel
  4604 | D:5      | Reached skill level 9 in Maces & Flails
  4604 | D:5      | Reached XP level 8. HP: 78/78 MP: 10/12
  4969 | D:5      | Reached skill level 10 in Maces & Flails
  5041 | D:5      | Learned a level 2 spell: Blink
  5103 | D:5      | Found the +0 pair of fencer's gloves {Riposte Dex+3}
  5719 | D:6      | Noticed Maggie
  5733 | D:6      | Killed Maggie
  5734 | D:6      | Reached skill level 11 in Maces & Flails
  5734 | D:6      | Reached XP level 9. HP: 64/84 MP: 7/13
  6209 | D:6      | Noticed Edmund
  6211 | D:6      | Reached skill level 12 in Maces & Flails
  6226 | D:6      | Killed Edmund
  6604 | D:6      | Found a runed translucent door.
  6608 | D:6      | Found a basalt altar of Yredelemnul.
  6966 | D:6      | Found a staircase to the Ecumenical Temple.
  7873 | D:7      | Reached skill level 13 in Maces & Flails
  8217 | D:7      | HP: 2/72 [wight/+5 war axe (9)]
  8595 | D:7      | Reached XP level 10. HP: 77/82 MP: 14/14
  9476 | D:8      | Reached skill level 14 in Maces & Flails
 11088 | D:8      | Noticed a two-headed ogre
 11096 | D:8      | Killed a two-headed ogre
 11223 | D:8      | Reached skill level 15 in Maces & Flails
 11554 | D:8      | Noticed Erica
 11574 | D:8      | Killed Erica
 12252 | D:9      | Found an ornate altar of the Wu Jian Council.
 12514 | D:9      | Found a white marble altar of Elyvilon.
 12730 | D:9      | Noticed Grum
 12758 | D:9      | Killed Grum
 12759 | D:9      | Reached skill level 16 in Maces & Flails
 12759 | D:9      | Reached XP level 11. HP: 67/100 MP: 12/15
 13158 | D:9      | Found Olup's General Store.
 13162 | D:9      | Bought a scroll of identify for 24 gold pieces
 13276 | D:10     | Entered Level 10 of the Dungeon
 13966 | D:10     | Found a sparkling altar of Nemelex Xobeh.
 14514 | D:10     | Found a snail-covered altar of Cheibriados.
 14561 | D:10     | Found a shadowy altar of Dithmenos.
 14562 | D:10     | Found a radiant altar of Vehumet.
 14639 | D:10     | Found a staircase to the Orcish Mines.
 14825 | D:11     | Reached skill level 17 in Maces & Flails
 14912 | D:11     | Found a staircase to the Lair.
 15640 | D:11     | Noticed a boulder beetle
 15969 | D:11     | Killed a boulder beetle
 16181 | D:11     | Noticed a two-headed ogre
 16191 | D:11     | Killed a two-headed ogre
 16192 | D:11     | Reached skill level 18 in Maces & Flails
 16630 | Lair:1   | Entered Level 1 of the Lair of Beasts
 17016 | Lair:1   | Reached skill level 5 in Fighting
 17016 | Lair:1   | Reached XP level 12. HP: 80/111 MP: 16/16
 17162 | Lair:1   | Identified the scarf of Hemuc {rC+ rF+, rCorr Int+3}
 17623 | Lair:1   | Found the +8 whip "Snakebite" {venom, curare, rPois}
 18067 | Lair:1   | Reached skill level 10 in Fighting
 18510 | Lair:2   | Reached skill level 1 in Translocations
 18563 | Lair:2   | Noticed a skyshark
 18574 | Lair:2   | Killed a skyshark
 19035 | Lair:2   | You fall into a shaft and drop 1 floor!
 19035 | Lair:3   | Found a dark tunnel.
 19078 | Volcano  | Entered a volcano
 19467 | Volcano  | Found a burning altar of Makhleb.
 19493 | Volcano  | Reached XP level 13. HP: 36/140 MP: 17/17
 19699 | Volcano  | Reached skill level 19 in Maces & Flails
 20652 | Lair:3   | Found a hole to the Spider Nest.
 21525 | Lair:3   | Reached skill level 20 in Maces & Flails
 21525 | Lair:3   | Mangled by a cane toad

Illustrated notes

Levels and vault maps discovered:
D:1:      roderic_octagonal_star, layout_basic
D:2:      layout_rooms, hangedman_abyss_or_decor_lesser_grid
D:3:      layout_loops_ring, mainiacjoe_overflow_tiny_flanked, serial_bayou,
          serial_bayou_pond_e, serial_bayou_pond_e, serial_bayou_lake_a,
          serial_bayou_crossing, serial_bayou_ford_a, serial_bayou_shore_b
D:4:      layout_gridville, kennysheep_mini, serial_shops,
          nicolae_shop_tiny_statue_garden
D:5:      layout_loops_ring, st_stairs_1, grunt_decor_clamped,
          corexii_corridor_pit, kennysheep_crisscross, uniq_pikel
D:6:      layout_loops_corners, dk_yredelemnul_ordeal,
          minmay_temple_entry_poolview, uniq_maggie, uniq_edmund
D:7:      layout_layer_cave
D:8:      layout_layer_cave, uniq_erica
D:9:      layout_rooms, mainiacjoe_overflow_cross_hatched, elyvilon_altar_1,
          serial_shops, nicolae_shop_back_alley_shop, nicolae_nh_ransacked_shop,
          uniq_grum
D:10:     layout_roguey, kennysheep_mini_moat, gammafunk_temple_overflow_claw,
          orc_0_dummy, kennysheep_generic_room_5
D:11:     layout_basic, grunt_lair_entry_orc_guard_hut
Lair:1:   minmay_guarded_unrand_snakebite, layout_chaotic_city, st_stairs_4
Lair:2:   layout_regular_city, minmay_lair_oklob_bushes,
          nicolae_lair_run_with_the_wolves, lemuel_fruit_tree,
          grunt_megastairs_1
Lair:3:   gammafunk_indiana_jones, layout_small_grid,
          mainiacjoe_swamp_entry_angry_trees, nicolae_spider_entry_orb_guardian,
          nicolae_volcano_entry_two_sided, nicolae_quartered_pool_medium

Skill      XL: |  1  2  3  4  5  6  7  8  9 10 11 12 13 |
---------------+----------------------------------------+-----
Spellcasting   | 2 3 |  3.0
Fire Magic     | 3 |  3.0
Maces & Flails | 4 5 7 9 11 13 16 18 20 | 20.0
Fighting       | 5 12 | 12.0
Translocations | 4 |  4.0

Action                     |  1- 3 |  4- 6 |  7- 9 | 10-12 | 13-15 || total
---------------------------+-------+-------+-------+-------+-------++-------
  Melee: Mace              |    31 |     4 |       |       |       ||    35
         Staff             |    17 |       |       |       |       ||    17
         Headbutt          |     5 |     8 |    19 |    99 |    24 ||   155
         Flail             |       |    24 |    54 |       |       ||    78
         Morningstar       |       |       |    96 |   217 |       ||   313
         Giant club        |       |       |       |   130 |       ||   130
         Giant spiked club |       |       |       |    47 |    34 ||    81
         Punch             |       |       |       |     5 |     4 ||     9
         Whip              |       |       |       |   211 |   120 ||   331
   Cast: Scorch            |    28 |    44 |    79 |   184 |     6 ||   341
         Blink             |       |       |       |     2 |       ||     2
 Invoke: Fiery Armour      |       |       |     1 |     4 |     2 ||     7
  Evoke: Wand              |       |       |       |     5 |       ||     5
    Use: Scroll            |     3 |     2 |     3 |    15 |     2 ||    25
         Potion            |       |       |     2 |     5 |     1 ||     8
 Armour: Robe              |    40 |    21 |    60 |       |       ||   121
         Steam dragon scal |       |       |   108 |   599 |   132 ||   839
  Dodge: Dodged            |    31 |    25 |    86 |   258 |    40 ||   440

Table legend: (Time is in decaauts)
 A = Elapsed time spent in this place.
 B = Non-inter-level travel time spent in this place.
 C = Inter-level travel time spent in this place.
 D = Time resting spent in this place.
 E = Time spent auto-exploring this place.
 F = Levels seen in this place.
 G = Mean time per level.
                   A        B        C        D        E       F      G
               +--------+--------+--------+--------+--------+-----+--------+
         Total |  21590 |  20891 |    699 |   5675 |  11893 |  15 | 1439.3 |
       Dungeon |  16889 |  16371 |    518 |   4794 |   9357 |  11 | 1535.4 |
          Lair |   3815 |   3635 |    180 |    674 |   2150 |   3 | 1271.7 |
       Volcano |    886 |    886 |      0 |    206 |    386 |   1 |  886.0 |
               +--------+--------+--------+--------+--------+-----+--------+

Top non-repeatable levels by time:
     D:7: 2583 daAuts
     D:6: 2132 daAuts
     D:8: 2078 daAuts
    D:11: 1939 daAuts
     D:4: 1577 daAuts
  Lair:1: 1354 daAuts
  Lair:2: 1309 daAuts
     D:5: 1285 daAuts
    D:10: 1256 daAuts
  Lair:3: 1151 daAuts
     D:9: 1147 daAuts
     D:3: 1084 daAuts
     D:1: 911 daAuts
     D:2: 892 daAuts
 Volcano: 886 daAuts
